 Dungeon Crawl Stone Soup version 0.23.1 (webtiles) character file.

Game seed: 10629458235065287275

11774 Borgoz the Ducker (level 11, -11/87 (90) HPs)
             Began as a Ghoul Enchanter on Mar 3, 2019.
             Was a Follower of Ashenzari.
             Engulfed by a cloud of flame (15 damage)
             ... in a volcano.
             The game lasted 00:36:05 (14358 turns).

Borgoz the Ducker (Ghoul Enchanter)                Turns: 14358, Time: 00:36:06

HP:   -11/87 (90)   AC:  4    Str: 13    XL:     11   Next: 83%
MP:   0/17          EV: 31    Int: 10    God:    Ashenzari [*.....]
Gold: 328           SH:  0    Dex: 12    Spells: 17/20 levels left

rFire    . . .     SeeInvis .   a - +2 dagger (venom)
rCold    + . .     Gourm    .   (no shield)
rNeg     + + +     Faith    .   (no armour)
rPois    ∞         Spirit   +   (no helmet)
rElec    .         Reflect  .   y - scarf {Spirit}
rCorr    +         Harm     .   z - +2 pair of gloves
MR       .....                  h - +0 pair of boots
Stlth    ++++......             I - amulet of the acrobat
HPRegen  0.00/turn              K - ring of resist corrosion
MPRegen  0.15/turn              (no ring)

@: acrobat, flying (expiring), rotting
A: rotting body, claws 1, carnivore, cold resistance 1, negative energy
resistance 3, inhibited regeneration, torment resistance, unbreathing
a: Curse Item, Scrying, Renounce Religion


You were in a volcano.
You worshipped Ashenzari.
Ashenzari was aware of your devotion.
You were not hungry.

You visited 3 branches of the dungeon, and saw 13 of its levels.
You also visited: Volcano.

You collected 672 gold pieces.
You spent 344 gold pieces at shops.

Inventory:

Hand Weapons
 a - a +2 dagger of venom (weapon)
 b - a +0 blowgun
Missiles
 e - 11 curare-tipped needles
 l - 7 tomahawks of dispersal (quivered)
 n - 66 poisoned needles
 v - 3 tomahawks
Armour
 h - a +0 pair of boots (worn)
 j - a +3 ring mail
 m - a scarf of repulsion
 o - a +2 leather armour of fire resistance
 y - a scarf of spirit shield (worn)
 z - a +2 pair of gloves (worn)
Jewellery
 A - a +2 amulet of reflection
 I - an amulet of the acrobat (around neck)
 K - a ring of resist corrosion (left hand)
Wands
 D - a wand of flame (8)
 L - a wand of iceblast (6)
Scrolls
 f - 2 scrolls of magic mapping
 i - a scroll of amnesia {unknown}
 k - 2 scrolls of fog
 p - a scroll of blinking
 r - 5 scrolls of enchant weapon
 t - a scroll of enchant armour
 u - a scroll of fear
 E - 4 scrolls of remove curse
 H - 5 scrolls of teleportation
Potions
 c - 2 potions of flight
 g - 2 potions of curing
 q - 4 potions of brilliance
 x - 2 potions of agility
 B - 2 potions of haste
 J - a potion of ambrosia
Comestibles
 d - 20 rations


   Skills:
 + Level 6.3 Fighting
 * Level 7.5 Short Blades
 + Level 5.2 Throwing
 + Level 5.2 Armour
 * Level 7.8 Dodging
 + Level 7.7 Stealth
 + Level 5.1 Spellcasting
 + Level 5.5 Hexes


You had 17 spell levels left.
You knew the following spells:

 Your Spells              Type           Power        Failure   Level  Hunger
a - Corona                Hex            ##.....      2%          1    None
b - Ensorcelled Hibernat  Hex/Ice        #.....       11%         2    ##.....

Your spell library contained the following spells:

 Spells                   Type           Power        Failure   Level  Hunger
 Slow                     Hex            ##......     3%          2    ##.....
 Confuse                  Hex            ##......     7%          3    ###....
 Tukima's Dance           Hex            ##......     7%          3    ###....
 Animate Skeleton         Necr           N/A          22%         1    None
 Pain                     Necr           #...         22%         1    None
 Sandblast                Erth           #.....       22%         1    None
 Dazzling Spray           Conj/Hex       #.....       22%         3    ###....
 Inner Flame              Hex/Fire       #.......     22%         3    ###....
 Portal Projectile        Hex/Tloc       #.....       22%         3    ###....
 Cause Fear               Hex            ##........   24%         4    ####...
 Passwall                 Tmut/Erth      #.......     34%         2    ##.....
 Regeneration             Chrm/Necr      #.........   56%         3    ###....
 Stone Arrow              Conj/Erth      #.....       56%         3    ###....
 Vampiric Draining        Necr           #.........   56%         3    ###....
 Leda's Liquefaction      Hex/Erth       #.........   58%         4    ####...
 Animate Dead             Necr           N/A          92%         4    ####...
 Petrify                  Tmut/Erth      #.......     92%         4    ####...
 Lee's Rapid Deconstruct  Erth           #.........   99%         5    ######.


Dungeon Overview and Level Annotations

Branches:
Dungeon (10/15)            Temple (1/1) D:5            Lair (2/6) D:8
    Orc (0/2) D:9
  Swamp: Lair:2-4    Shoals: Lair:2-4     Snake: Lair:2-4    Spider: Lair:2-4

Altars:
Ashenzari
Cheibriados
Dithmenos
Elyvilon
Fedhas
Gozag
Hepliaklqana
Kikubaaqudgha
Makhleb
Nemelex Xobeh
Okawaru
Qazlal
Ru
Sif Muna
Trog
Uskayaw
Vehumet
Wu Jian
Xom
Yredelemnul
Zin
The Shining One

Shops:
D:4 (   D:7 ?


Innate Abilities, Weirdness & Mutations

Your body is rotting away.
You thrive on raw meat.
You are immune to poison.
You have sharp fingernails.
You are carnivorous and can eat meat at any time.
Your flesh is cold resistant. (rC+)
You are immune to negative energy. (rN+++)
You do not regenerate when monsters are visible.
You are immune to unholy pain and torment.
You can survive without breathing.


Message History

Evoke which item? (* to show all) (? for menu, Esc to quit)
Aiming: Iceblast
Press: ? - help, Shift-Dir - straight line, f/p - two-headed ogre
Aim: a two-headed ogre, wielding two +0 giant clubs of flaming (lightly wounded)
The mass of ice explodes!
The iceblast engulfs the two-headed ogre!
The two-headed ogre is moderately wounded.
The iceblast engulfs the red draconian.
The red draconian is lightly wounded.
The air gets thick with the scent of sulphur.
You hear two shouts!
Something unseen opens the large door.
A two-headed ogre comes into view.
It is wielding a +1 great mace of flaming and a +0 giant club of flaming.
You are starting to lose your buoyancy.
In the distance, the volcano erupts with a roar.
You are engulfed in blazing flames.
* * * LOW HITPOINT WARNING * * *
The two-headed ogre is engulfed in blazing flames.
You are engulfed in blazing flames.
You die...

○#.. #######...#§§
○#..O+$!.$.O...#≈§
°#...#.d≈).#...#≈≈
#...#8≈≈≈8#...#≈≈
#..°°°≈..'..##
#..'°○..O'..#
§##.#8O○O8#.##≈
☼○○###○○☼..###≈≈
○○°○☼○°@○..§≈≈≈≈
○☼≈○°○8○°.8≈≈≈≈#
#°○§°☼○○.°.§§###
###§○○☼○☼..≈§#
#§☼§8°..8§##
####○°○..##
#°°°..# #8...8#
#.....#


You could see a red draconian and 5 two-headed ogres.

Vanquished Creatures
  A hydra (D:8)
  An ogre mage (Volcano)
  Joseph (D:8)
  A komodo dragon (Lair:1)
  2 spiny frogs (Lair:1)
  A troll (D:9)
  4 blink frogs (Lair:1)
  2 hippogriffs
  2 wyverns
  22 yaks
  2 water moccasins (Lair:1)
  Duvessa (D:7)
  2 sky beasts
  3 porcupines (D:8)
  6 ogres
  3 phantoms
  A centaur (D:8)
  3 crocodiles
  7 bullfrogs
  A wyvern zombie (D:9)
  Dowan (D:7)
  3 scorpions
  6 killer bees (D:7)
  4 wights
  5 crimson imps
  A quasit (D:8)
  2 hounds
  3 jellies
  2 orc priests
  Crazy Yiuf (D:5)
  3 bullfrog skeletons
  An iguana (D:6)
  8 orc wizards
  Natasha (thrice) (D:3)
  14 worker ants
  A killer bee zombie (D:6)
  2 hound skeletons
  A worker ant zombie (D:6)
  10 adders
  2 oozes
  An adder skeleton (D:7)
  An adder zombie (D:3)
  4 worms
  4 dart slugs
  9 leopard geckos
  26 orcs
  5 giant cockroaches
  6 goblins
  5 hobgoblins
  24 jackals
  A quokka (D:2)
  5 bats
  7 frilled lizards
  8 kobolds
  3 leopard gecko skeletons
  A quokka zombie (D:6)
  8 rats
257 creatures vanquished.

Vanquished Creatures (others)
  45 fungi (D:8)
  10 plants
55 creatures vanquished.

Grand Total: 312 creatures vanquished

Notes
Turn   | Place    | Note
-------+----------+-------------------------------------------
     0 | D:1      | Borgoz the Ghoul Enchanter began the quest for the Orb.
     0 | D:1      | Reached XP level 1. HP: 14/14 MP: 2/2
    12 | D:1      | Reached skill level 1 in Short Blades
   326 | D:1      | Reached XP level 2. HP: 8/20 MP: 3/3
  1214 | D:2      | Reached XP level 3. HP: 22/27 MP: 4/4
  1271 | D:2      | Learned a level 2 spell: Ensorcelled Hibernation
  1684 | D:3      | Reached XP level 4. HP: 34/34 MP: 6/6
  1688 | D:3      | Reached skill level 1 in Fighting
  1911 | D:2      | Found a snail-covered altar of Cheibriados.
  2535 | D:3      | Found an ancient bone altar of Kikubaaqudgha.
  2651 | D:3      | Noticed Natasha
  2821 | D:3      | Reached skill level 1 in Throwing
  2825 | D:3      | Reached skill level 1 in Armour
  2825 | D:3      | Reached XP level 5. HP: 16/39 MP: 7/7
  2841 | D:3      | Killed Natasha
  3055 | D:3      | Found a stormy altar of Qazlal.
  3055 | D:3      | Noticed a fire elemental
  3056 | D:3      | Noticed a water elemental
  3056 | D:3      | Noticed an air elemental
  3106 | D:4      | Noticed an ogre
  3165 | D:4      | Reached XP level 6. HP: 48/48 MP: 8/8
  3485 | D:4      | Found a radiant altar of Vehumet.
  3823 | D:4      | Found Hocheerch's Antique Weapon Emporium.
  3835 | D:4      | Reached XP level 7. HP: 40/55 MP: 5/9
  4021 | D:4      | Found a glowing golden altar of the Shining One.
  4229 | D:3      | Noticed Natasha
  4238 | D:3      | Killed Natasha
  4468 | D:3      | Noticed Natasha
  4478 | D:3      | Killed Natasha
  4506 | D:5      | Entered Level 5 of the Dungeon
  4599 | D:5      | Found a staircase to the Ecumenical Temple.
  4615 | Temple   | Entered the Ecumenical Temple
  5189 | D:5      | Found a runed translucent door.
  5190 | D:5      | Noticed Crazy Yiuf
  5205 | D:5      | Killed Crazy Yiuf
  5458 | D:6      | Reached XP level 8. HP: 49/61 MP: 11/11
  5627 | D:6      | Noticed a yak
  5629 | D:6      | Noticed a yak
  5649 | D:7      | Noticed Duvessa
  5649 | D:7      | Noticed Dowan
  5928 | D:6      | Noticed a yak
  5931 | D:6      | Noticed a yak
  5931 | D:6      | Noticed a yak
  6203 | D:6      | Found a white marble altar of Elyvilon.
  7127 | D:8      | Noticed a wyvern
  7288 | D:7      | Found a shimmering altar of Xom.
  7288 | D:7      | Found a burning altar of Makhleb.
  7363 | D:7      | Reached skill level 5 in Stealth
  7426 | D:7      | Reached XP level 9. HP: 16/71 MP: 3/13
  7431 | D:7      | HP: 2/71 [sky beast (5)]
  7665 | D:7      | Found Dotyihekk's Magic Scroll Shoppe.
  7719 | D:7      | Killed Duvessa
  7719 | D:7      | Reached skill level 5 in Dodging
  7726 | D:7      | Killed Dowan
  7742 | D:7      | Bought a scroll of identify for 30 gold pieces
  7742 | D:7      | Bought a scroll of identify for 30 gold pieces
  7742 | D:7      | Bought a scroll of identify for 30 gold pieces
  7742 | D:7      | Bought a scroll of identify for 30 gold pieces
  7742 | D:7      | Bought a scroll of enchant weapon for 112 gold pieces
  7742 | D:7      | Bought a scroll of enchant weapon for 112 gold pieces
  8237 | D:8      | Reached skill level 5 in Short Blades
  8628 | D:7      | Found a hide-covered altar of Uskayaw.
  8628 | D:7      | Found a shattered altar of Ashenzari.
  8643 | D:7      | Became a worshipper of Ashenzari the Shackled
  9129 | D:7      | Reached XP level 10. HP: 78/78 MP: 15/15
  9530 | D:8      | Noticed Joseph
  9557 | D:8      | Reached skill level 5 in Fighting
  9804 | D:8      | Killed Joseph
 10479 | D:9      | Found a staircase to the Orcish Mines.
 11139 | D:10     | Entered Level 10 of the Dungeon
 11593 | D:10     | Noticed a centaur warrior
 11678 | D:8      | Found a staircase to the Lair.
 11791 | Lair:1   | Entered Level 1 of the Lair of Beasts
 11924 | D:8      | Reached skill level 5 in Hexes
 11924 | D:8      | Reached XP level 11. HP: 39/88 MP: 9/16
 12189 | Lair:1   | Noticed a four-headed hydra
 12211 | D:8      | HP: 1/87 [four-headed hydra (9)]
 12214 | D:8      | Killed a four-headed hydra
 13283 | Lair:1   | Reached skill level 5 in Spellcasting
 13284 | Lair:1   | Reached skill level 5 in Throwing
 13284 | Lair:1   | Reached skill level 5 in Armour
 13481 | Lair:1   | Reached * piety under Ashenzari
 14279 | Lair:2   | Found a dark tunnel.
 14287 | Volcano  | Entered a volcano
 14303 | Volcano  | Noticed an ogre mage
 14324 | Volcano  | Found a burning altar of Makhleb.
 14328 | Volcano  | Noticed a red draconian
 14338 | Volcano  | Noticed a two-headed ogre
 14340 | Volcano  | Killed an ogre mage
 14341 | Volcano  | Noticed a two-headed ogre
 14345 | Volcano  | Noticed a two-headed ogre
 14354 | Volcano  | Noticed a two-headed ogre
 14354 | Volcano  | Noticed a two-headed ogre
 14357 | Volcano  | HP: 4/87 [something (21)]
 14358 | Volcano  | Engulfed by a cloud of flame

Skill      XL: |  1  2  3  4  5  6  7  8  9 10 11 |
---------------+----------------------------------+-----
Short Blades   | 1 2 3 4 5 6 7 |  7.5
Dodging        | 2 3 4 5 6 7 |  7.8
Spellcasting   | 2 3 4 5 |  5.1
Fighting       | 1 2 3 4 5 6 |  6.3
Throwing       | 1 2 3 4 5 |  5.2
Armour         | 1 2 3 4 5 |  5.2
Stealth        | 4 5 6 7 |  7.7
Hexes          | 3 4 5 |  5.5

Action                   |  1- 3 |  4- 6 |  7- 9 | 10-12 || total
-------------------------+-------+-------+-------+-------++-------
Melee: Dagger            |   157 |   317 |   632 |   676 ||  1782
Throw: Throwing net      |       |       |       |     5 ||     5
       Tomahawk          |       |       |       |     1 ||     1
 Cast: Corona            |     6 |       |     9 |     3 ||    18
       Ensorcelled Hiber |       |       |     2 |       ||     2
Evoke: Wand              |       |       |       |     2 ||     2
  Use: Scroll            |     3 |     3 |    12 |     1 ||    19
       Potion            |       |     2 |     1 |     7 ||    10
 Stab: Sleeping          |     4 |     2 |     7 |     5 ||    18
       Distracted        |       |     1 |     1 |     1 ||     3
       Held in net/web   |       |       |       |     1 ||     1
  Eat: Chunk             |     7 |    14 |    57 |    53 ||   131
Armor: Robe              |    22 |       |       |       ||    22
       Ring mail         |    45 |   109 |     8 |    71 ||   233
       Leather armour    |       |       |    80 |    65 ||   145
Dodge: Dodged            |    77 |   146 |   370 |   384 ||   977
       Deflected         |       |     3 |       |       ||     3
